[ AOE2 MATCH · #484526008 ]
1v1 RMHuns vs Ethiopians
Player's team · LOSS
[ REPLAY ANALYSIS · EXTRACTED FROM THE RECORDED GAME ]
Feudal
9:18
Castle
20:49
Imperial
43:44
| APM avg | 57.2 |
| APM peak | 113 |
| eAPM avg | 18.2 |
| Villagers / military | 119 / 82 |
Focus
⚔️ 21.6% · 🌾 78.4%
Cavalry Archer ×68 · Scout Cavalry ×8 · Tarkan ×5 · Skirmisher ×1
Feudal
10:51
Castle
20:05
Imperial
38:50
| APM avg | 52.1 |
| APM peak | 94 |
| eAPM avg | 21.1 |
| Villagers / military | 212 / 119 |
Focus
⚔️ 33.1% · 🌾 66.9%
Archer ×66 · Skirmisher ×25 · Spearman ×16 · Battering Ram ×5 · Shotel Warrior ×4 · Monk ×3
Match map
Initial resources + every placement click. Lines = walls · curves = elevation contours. ◆ gold · ⬟ stone · ● berries · ✦ relic · ◌ wall gap
Your base· ✓ Closed at 20:49 · 69t walls · no gate
shamil.malikov97's base· Open — opponent sealed themselves in
Smoothed initial terrain · ◌ = detected wall gap · hover for details
Inputs per minute
— Flame - - shamil.malikov97
Build order — Flame
First 150 of 251 actions detected
| 0:00 | Create | Villager (Male) |
| 0:00 | Create | Villager (Male) |
| 0:10 | Create | Villager (Male) |
| 0:10 | Create | Villager (Male) |
| 1:12 | Create | Villager (Male) |
| 1:12 | Create | Villager (Male) |
| 1:49 | Build | Lumber Camp |
| 1:53 | Create | Villager (Male) |
| 1:53 | Create | Villager (Male) |
| 2:08 | Create | Villager (Male) |
| 2:08 | Create | Villager (Male) |
| 2:42 | Create | Villager (Male) |
| 3:15 | Create | Villager (Male) |
| 3:16 | Create | Villager (Male) |
| 3:54 | Create | Villager (Male) |
| 4:04 | Create | Villager (Male) |
| 4:04 | Create | Villager (Male) |
| 4:28 | Create | Villager (Male) |
| 4:28 | Create | Villager (Male) |
| 4:53 | Create | Villager (Male) |
| 5:06 | Create | Villager (Male) |
| 5:29 | Create | Villager (Male) |
| 5:54 | Research | Loom |
| 6:27 | Build | Mill |
| 7:08 | Research | Feudal Age |
| 7:09 | Research | Feudal Age |
| 8:32 | Build | Barracks |
| 8:37 | Create | Villager (Male) |
| 9:18 | Age | Feudal Age |
| 9:21 | Research | Double-Bit Axe |
| 9:35 | Build | Stable |
| 9:45 | Create | Villager (Male) |
| 9:49 | Build | Farm |
| 10:16 | Create | Scout Cavalry |
| 10:16 | Create | Scout Cavalry |
| 10:25 | Build | Palisade Wall |
| 10:28 | Build | Palisade Wall |
| 10:31 | Build | Palisade Wall |
| 10:34 | Create | Villager (Male) |
| 10:36 | Build | Farm |
| 10:56 | Create | Scout Cavalry |
| 10:57 | Create | Villager (Male) |
| 11:05 | Build | Farm |
| 11:07 | Build | Farm |
| 11:12 | Build | Farm |
| 11:18 | Create | Scout Cavalry |
| 11:28 | Create | Villager (Male) |
| 11:32 | Build | Farm |
| 11:39 | Create | Scout Cavalry |
| 11:50 | Build | Farm |
| 12:14 | Create | Villager (Male) |
| 12:23 | Build | Farm |
| 12:26 | Create | Villager (Male) |
| 12:40 | Create | Villager (Male) |
| 12:44 | Build | Farm |
| 13:02 | Create | Scout Cavalry |
| 13:08 | Build | Farm |
| 13:08 | Create | Villager (Male) |
| 13:32 | Build | Farm |
| 13:33 | Create | Villager (Male) |
| 13:43 | Build | Farm |
| 13:45 | Build | Farm |
| 13:49 | Build | Palisade Wall |
| 13:50 | Create | Villager (Male) |
| 13:59 | Build | Mining Camp |
| 14:14 | Create | Villager (Male) |
| 14:45 | Create | Villager (Male) |
| 14:49 | Build | Palisade Wall |
| 14:52 | Create | Villager (Male) |
| 15:01 | Build | Blacksmith |
| 15:06 | Build | Palisade Wall |
| 15:40 | Create | Villager (Male) |
| 15:48 | Build | Palisade Wall |
| 16:29 | Create | Villager (Male) |
| 16:31 | Build | Palisade Wall |
| 16:50 | Research | Wheelbarrow |
| 16:56 | Build | Market |
| 17:05 | Build | Farm |
| 17:11 | Build | Palisade Wall |
| 17:34 | Research | Castle Age |
| 17:52 | Build | Palisade Wall |
| 18:13 | Build | Archery Range |
| 18:31 | Build | Farm |
| 19:05 | Research | Horse Collar |
| 19:05 | Research | Horse Collar |
| 19:22 | Build | Archery Range |
| 19:38 | Research | Gold Mining |
| 19:40 | Research | Fletching |
| 19:40 | Research | Padded Archer Armor |
| 19:56 | Build | Farm |
| 19:56 | Build | Farm |
| 20:17 | Build | Archery Range |
| 20:24 | Create | Villager (Male) |
| 20:27 | Create | Villager (Male) |
| 20:30 | Build | Farm |
| 20:37 | Build | Farm |
| 20:46 | Build | Farm |
| 20:49 | Age | Castle Age |
| 20:58 | Research | Bow Saw |
| 20:58 | Research | Bow Saw |
| 21:17 | Create | Cavalry Archer ×2 |
| 21:27 | Create | Villager (Male) |
| 21:37 | Build | Palisade Gate |
| 21:40 | Create | Villager (Male) |
| 21:47 | Create | Skirmisher |
| 21:47 | Create | Cavalry Archer |
| 21:53 | Create | Cavalry Archer ×3 |
| 21:59 | Create | Villager (Male) |
| 22:10 | Create | Cavalry Archer |
| 22:10 | Create | Cavalry Archer |
| 22:18 | Create | Villager (Male) |
| 22:20 | Build | Farm |
| 22:30 | Create | Cavalry Archer ×2 |
| 22:53 | Build | University |
| 23:56 | Research | Bodkin Arrow |
| 24:12 | Create | Cavalry Archer |
| 25:23 | Create | Cavalry Archer ×2 |
| 25:34 | Create | Villager (Male) |
| 25:34 | Create | Villager (Male) |
| 25:35 | Create | Villager (Male) |
| 25:35 | Create | Villager (Male) |
| 25:36 | Create | Villager (Male) |
| 25:40 | Build | Town Center |
| 25:47 | Build | Town Center |
| 25:49 | Create | Villager (Male) |
| 25:49 | Create | Villager (Male) |
| 25:55 | Create | Cavalry Archer |
| 25:55 | Create | Cavalry Archer |
| 26:12 | Research | Ballistics |
| 26:18 | Create | Villager (Male) |
| 26:26 | Create | Villager (Male) |
| 26:26 | Create | Villager (Male) |
| 26:44 | Create | Cavalry Archer |
| 27:24 | Create | Scout Cavalry |
| 27:24 | Create | Scout Cavalry |
| 27:29 | Create | Villager (Male) |
| 27:30 | Create | Villager (Male) |
| 27:31 | Create | Villager (Male) |
| 27:32 | Create | Villager (Male) |
| 28:03 | Build | Palisade Wall |
| 28:05 | Create | Cavalry Archer |
| 28:05 | Create | Cavalry Archer |
| 28:36 | Create | Cavalry Archer |
| 28:38 | Create | Villager (Male) |
| 28:38 | Create | Villager (Male) |
| 28:41 | Build | Farm |
| 28:41 | Build | Farm |
| 28:41 | Build | Farm |
| 28:41 | Build | Farm |
| 28:42 | Build | Farm |
Build order — shamil.malikov97
First 150 of 349 actions detected
| 0:03 | Build | House |
| 0:05 | Build | House |
| 0:05 | Create | Villager (Male) |
| 0:06 | Create | Villager (Male) |
| 0:16 | Create | Villager (Male) |
| 0:29 | Create | Villager (Male) |
| 0:29 | Create | Villager (Male) |
| 0:29 | Create | Villager (Male) |
| 0:29 | Create | Villager (Male) |
| 1:35 | Create | Villager (Male) |
| 1:35 | Create | Villager (Male) |
| 1:35 | Create | Villager (Male) |
| 1:35 | Create | Villager (Male) |
| 2:10 | Create | Villager (Male) |
| 2:10 | Create | Villager (Male) |
| 2:10 | Create | Villager (Male) |
| 2:10 | Create | Villager (Male) |
| 2:28 | Create | Villager (Male) |
| 2:28 | Create | Villager (Male) |
| 2:29 | Create | Villager (Male) |
| 3:07 | Create | Villager (Male) |
| 3:07 | Create | Villager (Male) |
| 3:07 | Create | Villager (Male) |
| 3:07 | Create | Villager (Male) |
| 3:27 | Build | House |
| 3:31 | Build | House |
| 3:40 | Create | Villager (Male) |
| 3:42 | Create | Villager (Male) |
| 3:42 | Create | Villager (Male) |
| 3:43 | Create | Villager (Male) |
| 3:43 | Create | Villager (Male) |
| 3:59 | Build | Lumber Camp |
| 4:22 | Build | Lumber Camp |
| 4:23 | Create | Villager (Male) |
| 4:24 | Create | Villager (Male) |
| 4:24 | Create | Villager (Male) |
| 4:24 | Create | Villager (Male) |
| 4:41 | Create | Villager (Male) |
| 4:41 | Create | Villager (Male) |
| 4:41 | Create | Villager (Male) |
| 4:41 | Create | Villager (Male) |
| 4:42 | Create | Villager (Male) |
| 5:14 | Create | Villager (Male) |
| 5:14 | Create | Villager (Male) |
| 5:15 | Create | Villager (Male) |
| 5:37 | Create | Villager (Male) |
| 5:38 | Create | Villager (Male) |
| 5:38 | Create | Villager (Male) |
| 5:38 | Create | Villager (Male) |
| 5:41 | Create | Villager (Male) |
| 5:41 | Create | Villager (Male) |
| 5:41 | Create | Villager (Male) |
| 6:10 | Build | Mill |
| 6:12 | Create | Villager (Male) |
| 6:12 | Create | Villager (Male) |
| 6:12 | Create | Villager (Male) |
| 6:12 | Create | Villager (Male) |
| 6:46 | Create | Villager (Male) |
| 6:46 | Create | Villager (Male) |
| 6:46 | Create | Villager (Male) |
| 7:08 | Create | Villager (Male) |
| 7:08 | Create | Villager (Male) |
| 7:08 | Create | Villager (Male) |
| 7:08 | Create | Villager (Male) |
| 7:28 | Create | Villager (Male) |
| 7:28 | Create | Villager (Male) |
| 7:34 | Build | House |
| 7:41 | Research | Loom |
| 8:41 | Research | Feudal Age |
| 8:42 | Research | Feudal Age |
| 8:42 | Research | Feudal Age |
| 8:53 | Build | Barracks |
| 9:06 | Create | Villager (Male) |
| 9:06 | Create | Villager (Male) |
| 9:06 | Create | Villager (Male) |
| 9:06 | Create | Villager (Male) |
| 9:35 | Build | Farm |
| 9:35 | Build | Farm |
| 9:36 | Build | Farm |
| 9:36 | Build | Farm |
| 9:41 | Create | Villager (Male) |
| 9:41 | Create | Villager (Male) |
| 10:51 | Age | Feudal Age |
| 10:57 | Build | Mining Camp |
| 10:58 | Create | Spearman |
| 10:58 | Create | Spearman |
| 10:58 | Create | Spearman |
| 11:09 | Research | Double-Bit Axe |
| 11:09 | Research | Double-Bit Axe |
| 11:39 | Create | Spearman |
| 11:54 | Build | Archery Range |
| 12:03 | Create | Spearman |
| 12:03 | Create | Spearman |
| 12:26 | Build | House |
| 12:33 | Build | House |
| 12:41 | Create | Spearman |
| 13:00 | Create | Spearman |
| 13:17 | Build | Palisade Gate |
| 13:42 | Create | Villager (Male) |
| 13:42 | Create | Villager (Male) |
| 13:42 | Create | Villager (Male) |
| 13:42 | Create | Villager (Male) |
| 13:57 | Build | Farm |
| 13:57 | Build | Farm |
| 13:59 | Build | Farm |
| 13:59 | Build | Farm |
| 14:09 | Build | House |
| 14:11 | Build | House |
| 14:12 | Build | House |
| 14:14 | Build | Palisade Wall |
| 14:59 | Build | Market |
| 15:02 | Build | Blacksmith |
| 15:10 | Create | Villager (Male) |
| 15:18 | Build | Farm |
| 15:47 | Create | Villager (Male) |
| 15:48 | Build | Farm |
| 15:49 | Build | Farm |
| 16:34 | Build | Palisade Gate |
| 16:57 | Build | Farm |
| 16:57 | Build | Farm |
| 17:25 | Research | Castle Age |
| 17:25 | Research | Castle Age |
| 17:34 | Create | Villager (Male) |
| 17:34 | Create | Villager (Male) |
| 17:34 | Create | Villager (Male) |
| 17:59 | Research | Fletching |
| 18:15 | Create | Villager (Male) |
| 18:19 | Create | Archer |
| 18:20 | Create | Archer |
| 18:20 | Create | Archer |
| 18:20 | Create | Archer |
| 18:33 | Build | House |
| 18:36 | Build | House |
| 18:37 | Build | House |
| 18:47 | Create | Villager (Male) |
| 18:51 | Create | Archer |
| 19:19 | Create | Spearman |
| 19:27 | Create | Archer |
| 19:28 | Create | Archer |
| 19:28 | Create | Archer |
| 19:28 | Create | Archer |
| 19:53 | Create | Spearman |
| 20:05 | Age | Castle Age |
| 20:07 | Build | Town Center |
| 20:42 | Build | Town Center |
| 20:56 | Create | Villager (Male) |
| 20:58 | Create | Villager (Male) |
| 21:01 | Create | Archer |
| 21:01 | Create | Archer |
| 21:26 | Create | Villager (Male) |
Match timeline
| 8:32 | Flame · first_building Barracks |
| 8:53 | shamil.malikov97 · first_building Barracks |
| 9:18 | Flame · age_up feudal |
| 9:35 | Flame · first_building Stable |
| 10:25 | Flame · wall_segment Palisade Wall x20 |
| 10:28 | Flame · wall_segment Palisade Wall x9 |
| 10:31 | Flame · wall_segment Palisade Wall x14 |
| 10:51 | shamil.malikov97 · age_up feudal |
| 11:54 | shamil.malikov97 · first_building Archery Range |
| 13:49 | Flame · wall_segment Palisade Wall x6 |
| 14:14 | shamil.malikov97 · wall_segment Palisade Wall x1 |
| 14:49 | Flame · wall_segment Palisade Wall x1 |
| 15:06 | Flame · wall_segment Palisade Wall x7 |
| 15:48 | Flame · wall_segment Palisade Wall x5 |
| 16:31 | Flame · wall_segment Palisade Wall x4 |
| 16:50 | shamil.malikov97 · first_market_sell 100 wood |
| 16:50 | shamil.malikov97 · first_market_buy 100 food |
| 17:11 | Flame · wall_segment Palisade Wall x7 |
| 17:30 | Flame · first_market_sell 100 wood |
| 17:32 | Flame · first_market_buy 100 food |
| 17:52 | Flame · wall_segment Palisade Wall x1 |
| 18:13 | Flame · first_building Archery Range |
| 20:05 | shamil.malikov97 · age_up castle |
| 20:49 | Flame · age_up castle |
| 22:58 | shamil.malikov97 · first_building Monastery |
| 28:03 | Flame · wall_segment Palisade Wall x5 |
| 30:10 | Flame · first_building Monastery |
| 37:07 | shamil.malikov97 · first_building Castle |
| 38:50 | shamil.malikov97 · age_up imperial |
| 40:00 | shamil.malikov97 · first_building Siege Workshop |
| 40:21 | Flame · first_building Castle |
| 41:31 | shamil.malikov97 · wall_segment Palisade Wall x1 |
| 43:44 | Flame · age_up imperial |
| 47:22 | Flame · resign |
[ AI ANALYSIS · 1 CREDIT ]
What really happened in this match?
Wolo.gg analyzes every decision: build order, eco, micro, common mistakes by bracket. Personalized analysis on WhatsApp or Discord in 30 seconds.
Civ guide
Huns
Map guide
Arabia
Perfil
Jugador #3374411